 Dungeon Crawl Stone Soup version 0.22.0-27-ga576289 (webtiles) character file.

371 Monsterracer the Insei (level 6, 0/46 HPs)
             Began as a Merfolk Conjurer on Aug 21, 2018.
             Killed from afar by an orc wizard (6 damage)
             ... with a magic dart
             ... on level 3 of the Dungeon.
             The game lasted 00:05:30 (3060 turns).

Monsterracer the Insei (Merfolk Conjurer)           Turns: 3060, Time: 00:05:31

Health: 0/46       AC:  2    Str:  9    XL:     6   Next: 71%
Magic:  5/9        EV: 12    Int: 16    God:
Gold:   160        SH:  6    Dex: 14    Spells: 1/9 levels left

rFire    . . .     SeeInvis .     - Unarmed
rCold    . . .     Gourm    .   e - +2 buckler
rNeg     . . .     Faith    .   a - +0 robe
rPois    .         Spirit   .   (no helmet)
rElec    .         Reflect  .   (no cloak)
rCorr    .         Harm     .   (no gloves)
MR       .....                  (no boots)
Stlth    ++........             q - amulet of rage
HPRegen  0.15/turn              (no ring)
MPRegen  0.11/turn              (no ring)

@: no status effects
A: change form in water, swift swim, stealthy swim
a: Evoke Berserk Rage


You were on level 3 of the Dungeon.
You were hungry.

You visited 1 branch of the dungeon, and saw 3 of its levels.

You collected 160 gold pieces.

Inventory:

Armour
 a - a +0 robe (worn)
 e - a +2 buckler (worn)
Jewellery
 p - an uncursed amulet of regeneration
 q - an amulet of rage (around neck)
Scrolls
 b - 3 scrolls of teleportation {unknown}
 g - 2 scrolls of enchant armour {unknown}
 h - 5 scrolls of identify {unknown}
 i - a scroll of magic mapping {unknown}
 k - 3 scrolls of remove curse {unknown}
 m - a scroll of blinking {unknown}
 o - a scroll of amnesia {unknown}
 r - a scroll of random uselessness {unknown}
Potions
 d - a potion of invisibility {unknown}
 f - a potion of lignification {unknown}
 j - a potion of berserk rage {unknown}
 l - 2 potions of mutation {unknown}
Comestibles
 c - 4 rations
 n - 3 chunks of flesh


   Skills:
 + Level 2.5 Fighting
 - Level 2.6 Dodging
 - Level 2.1 Stealth
 + Level 2.3 Shields
 * Level 5.8 Unarmed Combat
 - Level 2.0 Spellcasting
 - Level 3.2 Conjurations


You had one spell level left.
You knew the following spells:

 Your Spells              Type           Power        Failure   Level  Hunger
a - Magic Dart            Conj           ##..         7%          1    #......
b - Sticks to Snakes      Tmut           #.......     36%         2    ###....
d - Blade Hands           Tmut           #.........   100%        5    ######.

Your spell library contained the following spells:

 Spells                   Type           Power        Failure   Level  Hunger
 Beastly Appendage        Tmut           #.....       26%         1    #......
 Corona                   Hex            #......      26%         1    #......
 Searing Ray              Conj           ##....       10%         2    ###....
 Ensorcelled Hibernation  Hex/Ice        #.....       36%         2    ###....
 Dazzling Spray           Conj/Hex       #.....       36%         3    ###....
 Iskenderun's Mystic Bla  Conj           ##......     54%         4    #####..
 Confuse                  Hex            #.......     58%         3    ###....
 Spider Form              Tmut/Pois      #.........   58%         3    ###....
 Tukima's Dance           Hex            #.......     58%         3    ###....
 Force Lance              Conj/Tloc      #.......     78%         4    #####..
 Fulminant Prism          Conj/Hex       #.........   78%         4    #####..
 Ice Form                 Ice/Tmut       #.......     94%         4    #####..


Dungeon Overview and Level Annotations

Branches:
Dungeon (3/15)

Altars:


Message History

You block the orc wizard's attack.
You hit the orc wizard but do no damage.
The orc wizard completely misses you.
You barely miss the orc wizard.
The orc wizard hits you with an enchanted dagger.
You take 4 damage, and have 28/46 hp.
You hit the orc wizard.
The orc wizard is moderately wounded.
The orc wizard hits you with an enchanted dagger.
You take 3 damage, and have 25/46 hp.
You hit the orc wizard.
The orc wizard is heavily wounded.
The orc wizard hits you but does no damage.
You closely miss the orc wizard.
The orc wizard is heavily wounded.
The orc wizard casts a spell.
The orc wizard seems to speed up.
You barely miss the orc wizard.
The orc wizard is heavily wounded.
You block the orc wizard's attack.
You hit the orc wizard but do no damage.
The orc wizard is heavily wounded.
The orc wizard hits you with an enchanted dagger.
* * * LOW HITPOINT WARNING * * *
The orc wizard mumbles some strange words.
The orc wizard seems to speed up.
You take 6 damage, and have 19/46 hp.
You hit the orc wizard.
The orc wizard is almost dead.
The orc wizard hits you with an enchanted dagger.
* * * LOW HITPOINT WARNING * * *
You block the orc wizard's attack.
You take 1 damage, and have 18/46 hp.
Casting: Magic Dart (safe; 7% risk of failure)
Confirm with . or Enter, or press ? or * to list all spells.
Aiming: Magic Dart (safe; 7% risk of failure)
Press: ? - help, Shift-Dir - straight line, f - orc wizard
Aim: an orc wizard, wielding an enchanted dagger and wearing a robe (almost dead, fast)
The magic dart hits the orc wizard.
The orc wizard is almost dead.
The orc wizard closely misses you.
You now have 8/9 mp.
Casting: Magic Dart (safe; 7% risk of failure)
Confirm with . or Enter, or press ? or * to list all spells.
Aiming: Magic Dart (safe; 7% risk of failure)
Press: ? - help, Shift-Dir - straight line, f/p - orc wizard
Aim: an orc wizard, wielding an enchanted dagger and wearing a robe (almost dead, fast)
The magic dart hits the orc wizard.
The orc wizard is almost dead.
The orc wizard hits you with an enchanted dagger.
* * * LOW HITPOINT WARNING * * *
The orc wizard gestures at you while chanting.
You block the puff of flame.
You take 5 damage, and have 14/46 hp.
You now have 7/9 mp.
Unknown command.
Casting: Magic Dart (safe; 7% risk of failure)
Confirm with . or Enter, or press ? or * to list all spells.
Aiming: Magic Dart (safe; 7% risk of failure)
Press: ? - help, Shift-Dir - straight line, f/p - orc wizard
Aim: an orc wizard, wielding an enchanted dagger and wearing a robe (almost dead, fast)
The magic dart hits the orc wizard.
The orc wizard is almost dead.
The orc wizard barely misses you.
You now have 6/9 mp.
Casting: Magic Dart (safe; 7% risk of failure)
Confirm with . or Enter, or press ? or * to list all spells.
Aiming: Magic Dart (safe; 7% risk of failure)
Press: ? - help, Shift-Dir - straight line, f/p - orc wizard
Aim: an orc wizard, wielding an enchanted dagger and wearing a robe (almost dead, fast)
The magic dart hits the orc wizard.
The orc wizard is almost dead.
The orc wizard barely misses you.
The orc wizard hits you with an enchanted dagger.
* * * LOW HITPOINT WARNING * * *
You take 1 damage, and have 13/46 hp.
You now have 5/9 mp.
Casting: Magic Dart (safe; 7% risk of failure)
Confirm with . or Enter, or press ? or * to list all spells.
Aiming: Magic Dart (safe; 7% risk of failure)
Press: ? - help, Shift-Dir - straight line, f/p - orc wizard
Aim: an orc wizard, wielding an enchanted dagger and wearing a robe (almost dead, fast)
The magic dart hits the orc wizard.
You kill the orc wizard!
You are feeling hungry.
The orc throws a tomahawk.
The tomahawk closely misses you.
You now have 4/9 mp.
The orc wizard gestures wildly while chanting.
The orc wizard blinks!
The orc throws a tomahawk.
The tomahawk hits you.
* * * LOW HITPOINT WARNING * * *
You see here a tomahawk.
You take 4 damage, and have 9/46 hp.
The orc throws a tomahawk.
The tomahawk hits you.
* * * LOW HITPOINT WARNING * * *
You see here a tomahawk.
You take 4 damage, and have 6/46 hp.
The orc throws a tomahawk.
The tomahawk barely misses you.
You see here a tomahawk.
The orc wizard casts a spell at you. The magic dart hits you!
You die...

#....# ##### #....# #...#
#....######...####
#....>...........
#......###.....# .#
####.#......#.....###.#
#.(.o(......#.......#>#
#.####..(##.#.......#.#
#####(o.o....@.....##...#.#
#...)##....#.##.#..##...#.#
#.##.##.####.##....##...#'## #
#.##................#......###
#.##..#.####........'...))...'
#.....# ............##.#...###
####'## ##+###########...<...#
#.....?!!. ##......#
#........( #...(..#


You could see an orc wizard and 2 orcs.

Vanquished Creatures
  Sigmund (D:2)
  3 orc wizards (D:3)
  Jessica (D:2)
  4 adders (D:2)
  A worm (D:2)
  4 dart slugs
  2 leopard geckos (D:1)
  3 orcs
  2 giant cockroaches
  5 goblins
  4 hobgoblins
  9 jackals
  3 kobolds
  A ball python (D:1)
  4 bats
  3 frilled lizards
  4 rats
54 creatures vanquished.

Notes
Turn   | Place    | Note
-------+----------+-------------------------------------------
     0 | D:1      | Monsterracer the Merfolk Conjurer began the quest for the Orb.
     0 | D:1      | Reached XP level 1. HP: 13/13 MP: 3/3
   138 | D:1      | Reached skill level 1 in Unarmed Combat
   324 | D:1      | Reached XP level 2. HP: 19/19 MP: 3/5
   381 | D:1      | Reached skill level 2 in Unarmed Combat
  1058 | D:2      | Noticed Sigmund
  1131 | D:2      | Reached XP level 3. HP: 24/24 MP: 0/6
  1194 | D:2      | Reached skill level 3 in Unarmed Combat
  1593 | D:2      | Noticed Jessica
  1598 | D:2      | Killed Jessica
  1598 | D:2      | Reached skill level 4 in Unarmed Combat
  1598 | D:2      | Reached XP level 4. HP: 30/30 MP: 1/7
  2366 | D:3      | Learned a level 2 spell: Sticks to Snakes
  2450 | D:3      | Reached XP level 5. HP: 36/36 MP: 8/8
  2528 | D:2      | Killed Sigmund
  2528 | D:2      | Reached skill level 1 in Shields
  2528 | D:2      | Reached skill level 5 in Unarmed Combat
  2528 | D:2      | Reached XP level 6. HP: 29/44 MP: 1/9
  2699 | D:2      | HP: 28/66 [orc/flail (8)]
  2745 | D:2      | Learned a level 5 spell: Blade Hands
  3045 | D:3      | HP: 19/46 [orc wizard/enchanted dagger (6)]
  3050 | D:3      | HP: 13/46 [orc wizard/enchanted dagger (1)]
  3056 | D:3      | HP: 6/46 [orc/tomahawk (4)]
  3060 | D:3      | Killed from afar by an orc wizard

Skill      XL: |  1  2  3  4  5  6 |
---------------+-------------------+-----
Unarmed Combat | 1 2 4 5 |  5.8
Fighting       | 2 |  2.5
Shields        | 1 2 |  2.3
Dodging        | |  2.6
Stealth        | |  2.1
Spellcasting   | |  2.0
Conjurations   | |  3.2

Action                   |  1- 3 |  4- 6 || total
-------------------------+-------+-------++-------
Melee: Unarmed           |    27 |    77 ||   104
 Cast: Magic Dart        |    64 |    62 ||   126
 Abil: Evoke Berserk Rag |       |     1 ||     1
 Stab: Sleeping          |       |     1 ||     1
  Eat: Chunk             |     3 |     7 ||    10
Armor: Robe              |     4 |    21 ||    25
Dodge: Dodged            |    22 |    68 ||    90
Block: Buckler           |       |    22 ||    22

Vault maps used:
D:1:      kennysheep_arrival_forest
D:2:      uniq_sigmund, uniq_jessica
